 Dungeon Crawl Stone Soup version 0.31.0-11-ge490571c62 (webtiles) character file.

Game seed: 5813488800001661674

228 Gadfly the Insei (level 5, -10/41 HPs)
             Began as a Demonspawn Monk on Feb 2, 2024.
             Engulfed by a cloud of flame (24 damage)
             ... on level 3 of the Dungeon.
             The game lasted 00:04:06 (2498 turns).

Gadfly the Insei (Demonspawn Monk)                  Turns: 2498, Time: 00:04:07

Health: -10/41     AC:  3    Str: 13    XL:     5   Next: 70%
Magic:  5/5        EV: 13    Int: 10    God:
Gold:   135        SH:  0    Dex: 16    Spells: 4/4 levels left

rFire   . . .        b - +2 dagger (venom)
rCold   . . .        (no shield)
rNeg    + . .        a - +0 robe
rPois   .            (no helmet)
rElec   .            (no cloak)
rCorr   .            (no gloves)
SInv    .            i - +0 pair of boots
Will    .....        (no amulet)
Stlth   +            k - ring of positive energy
HPRegen 0.26/turn    (no ring)
MPRegen 0.09/turn

%: no passive effects
@: no status effects
A: claws 2, powered by death 1
a: no special abilities


You were on level 3 of the Dungeon.
You visited 1 branch of the dungeon, and saw 3 of its levels.

You collected 135 gold pieces.

Inventory:

Hand Weapons
 b - a +2 dagger of venom (weapon)
 n - a +1 dagger of chaos
Armour
 a - a +0 robe (worn)
 c - an orb of light
 i - a +0 pair of boots (worn)
Jewellery
 k - a ring of positive energy (left claw)
Scrolls
 m - a scroll of immolation
Potions
 d - a potion of lignification
 e - a potion of haste
 f - a potion of resistance
 h - a potion of attraction
 j - a potion of curing {unknown}
 l - a potion of cancellation {unknown}
 o - a potion of enlightenment {unknown}
 q - a potion of ambrosia


   Skills:
 - Level 3.0 Fighting
 + Level 3.3 Dodging
 * Level 3.8 Unarmed Combat
 * Level 2.7 Evocations
 * Level 2.2 Shapeshifting


You had 4 spell levels left.
You didn't know any spells.
Your spell library was empty.

Dungeon Overview and Level Annotations

Branches:
Dungeon (3/15)

Altars:
Makhleb
Okawaru
Uskayaw
Xom


Innate Abilities, Weirdness & Mutations

You have very sharp fingernails.
You regenerate a little health from kills.


Message History

Things that are here:
a +0 short sword; a kobold corpse You see here 6 stones.
There is an open door here.
Partly explored, can't reach some items and places.
Partly explored, can't reach some items and places.
Partly explored, can't reach some items and places.
No target in view!
No target in view!
No target in view!
Partly explored, can't reach some items and places.
No target in view!
There is a shimmering altar of Xom here.
Partly explored, can't reach some items and places.
Partly explored, can't reach some items and places.
Partly explored, can't reach some items and places.
There is an open door here.
There is an open door here.
Okay, then.
You see here 4 large rocks.
Why would you want to do that? Why would you want to do that?
Why would you want to do that?
You hit the plant.
The plant begins to die.
The plant is lightly damaged.
A nearby plant withers and dies.
A bat comes into view.
Found an onyx ring.
The bat completely misses you.
You hit the bat.
You kill the bat!
Okay, then.
You start waiting.
Done waiting.
You start waiting.
Done waiting.
You are engulfed in blazing flames.
Ouch! That really hurt!
You are engulfed in blazing flames.
Ouch! That really hurt!
You die...

..≈.≈..# ###
..≈.≈P.# #..
.#≈.≈#.# ####..
..≈.≈.P# ##.##..
..≈(≈..##########
#......
.#≈.≈#..........##
##.##..
##≈.≈##.######...#
#.#### #≈≈.≈≈##.#
#°○§# #.# #
≈≈...≈≈#.# #☼§@#
##.# ≈⌠._.⌠≈#.#
#○§☼# ##..#
≈≈...≈≈### #...#
#...# #≈≈⌠≈≈##
....=. #._.#
##≈≈≈## §§.=...§
#...# ########
.§§☼.)/..§ ###...#
.......#######...##
##.##..# #
........## #.§.#
##......####
...[....'# #☼☼.#
#..........+


There were no monsters in sight!

Vanquished Creatures
  4 crimson imps (D:3)
  An adder (D:3)
  3 dart slugs
  3 orcs (D:3)
  8 bats
  12 endoplasms
  4 giant cockroaches
  4 goblins
  4 hobgoblins
  3 quokkas
  7 ball pythons
  2 frilled lizards
  8 kobolds
  7 rats
70 creatures vanquished.

Notes
Turn   | Place    | Note
-------+----------+-------------------------------------------
     0 | D:1      | Gadfly the Demonspawn Monk began the quest for the Orb.
     0 | D:1      | Reached XP level 1. HP: 18/18 MP: 1/1
   133 | D:1      | Gained mutation: You have sharp fingernails. [demonic
                  | ancestry]
   133 | D:1      | Reached XP level 2. HP: 23/24 MP: 2/2
   208 | D:1      | Reached skill level 1 in Evocations
   483 | D:2      | Reached XP level 3. HP: 29/29 MP: 3/3
   496 | D:2      | Reached skill level 1 in Shapeshifting
  1129 | D:3      | Found an iron altar of Okawaru.
  1199 | D:3      | Noticed a +0 hand axe
  1200 | D:3      | Noticed a +0 dagger
  1202 | D:3      | Found a hide-covered altar of Uskayaw.
  1235 | D:3      | Gained mutation: You have very sharp fingernails. [demonic
                  | ancestry]
  1235 | D:3      | Reached XP level 4. HP: 35/35 MP: 4/4
  1456 | D:3      | Found a shimmering altar of Xom.
  1542 | D:3      | Gained mutation: You regenerate a little health from kills.
                  | [demonic ancestry]
  1542 | D:3      | Reached XP level 5. HP: 32/41 MP: 5/5
  2031 | D:3      | Found a burning altar of Makhleb.
  2498 | D:3      | Engulfed by a cloud of flame

Illustrated notes

Levels and vault maps discovered:
D:1:      ldierk_walled_garden, layout_rooms
D:2:      layout_rooms, hex_tiny
D:3:      layout_loops_corners, led_xom_imps, okawaru_gym_becter,
          bloody_makhleb, dancing_weapons_uskayaw, nicolae_elyvilon_temple_path,
          lemuel_flame_loot_1

Skill      XL: |  1  2  3  4  5 |
---------------+----------------+-----
Evocations     | 1 2 |  2.7
Unarmed Combat | 3 |  3.8
Shapeshifting  | 1 2 |  2.2
Dodging        | 3 |  3.3
Fighting       | |  3.0

Action                     |  1- 3 |  4- 6 || total
---------------------------+-------+-------++-------
  Melee: Unarmed           |   109 |    67 ||   176
         Dagger            |       |     7 ||     7
         Punch             |       |     1 ||     1
    Use: Scroll            |     5 |     3 ||     8
         Potion            |     1 |     1 ||     2
 Armour: Robe              |    41 |    37 ||    78
  Dodge: Dodged            |    69 |    41 ||   110
